 Seeded DCSS version 0.30-a0-373-gd37427bb62 (webtiles) character file.

Game seed: 6226225724868285797 (custom seed)

663 purpskrrrp the Ruffian (level 7, -1/68 HPs)
             Began as a Troll Hunter on Nov 25, 2022.
             Was an Initiate of Gozag.
             Splashed by a jelly's acid (4 damage)
             ... on level 5 of the Dungeon.
             The game lasted 00:07:00 (3358 turns).

purpskrrrp the Ruffian (Troll Hunter)               Turns: 3358, Time: 00:07:01

Health: -1/68      AC: -12   Str: 22    XL:     7   Next: 31%
Magic:  6/6        EV:  6    Int: 11    God:    Gozag
Gold:   294        SH: 14    Dex: 13    Spells: 6/6 levels left

rFire   + . .      SeeInvis .      - Unarmed
rCold   + . .      Faith    .    g - +2 tower shield
rNeg    . . .      Spirit   .    c - +0 robe
rPois   +          Reflect  .    (helmet restricted)
rElec   +          Harm     .    (no cloak)
rCorr   +          Rampage  .    (gloves unavailable)
Will    +....                    (boots unavailable)
Stlth   +.........               (no amulet)
HPRegen 1.11/turn                j - ring of willpower
MPRegen 0.10/turn                s - +6 ring of intelligence

@: mighty, brilliant, resistant, corroded
A: large, unfitting armour, claws 3, regeneration 1, shaggy fur 1, tough skin 1
a: Renounce Religion, Potion Petition, Call Merchant, Bribe Branch


You were on level 5 of the Dungeon.
You worshipped Gozag.
Gozag was aware of your devotion.
You visited 2 branches of the dungeon, and saw 6 of its levels.
You also visited: Sewer.

You collected 379 gold pieces.
You paid 85 gold pieces to Gozag.

Inventory:

Hand Weapons
 a - a +0 vorpal shortbow
Armour
 c - a +0 robe (worn)
 g - a +2 tower shield (worn)
Jewellery
 j - a ring of willpower (left claw)
 s - a +6 ring of intelligence (right claw)
Scrolls
 b - 4 scrolls of immolation
 e - a scroll of vulnerability
 f - a scroll of brand weapon
 i - 2 scrolls of identify
 k - a scroll of silence
 o - a scroll of teleportation {unknown}
 p - a scroll of enchant armour {unknown}
Potions
 d - 4 potions of flight
 h - 2 potions of curing
 l - a potion of might
 m - a potion of resistance
 n - a potion of berserk rage {unknown}
 q - 2 potions of brilliance


   Skills:
 + Level 3.7 Fighting
 - Level 2.6 Ranged Weapons
 - Level 1.5 Dodging
 - Level 0.3 Stealth
 + Level 2.6 Shields
 * Level 5.8 Unarmed Combat


You had 6 spell levels left.
You didn't know any spells.
Your spell library contained the following spells:

 Spells                   Type           Power      Damage    Failure   Level
 Ensorcelled Hibernation  Hex/Ice        0%         N/A       99%         2
 Passwall                 Tmut/Erth      0%         N/A       99%         2
 Call Canine Familiar     Summ           0%         N/A       100%        3
 Hailstorm                Conj/Ice       0%         3d3       100%        3
 Inner Flame              Hex/Fire       0%         N/A       100%        3
 Portal Projectile        Hex/Tloc       0%         N/A       100%        3
 Stone Arrow              Conj/Erth      0%         3d7       100%        3
 Swiftness                Air            0%         N/A       100%        3
 Animate Armour           Summ/Erth      0%         N/A       100%        4
 Cause Fear               Hex            0%         N/A       100%        4
 Ice Form                 Ice/Tmut       0%         N/A       100%        4
 Leda's Liquefaction      Hex/Erth       0%         N/A       100%        4
 Discord                  Hex            0%         N/A       100%        8
 Lehudib's Crystal Spear  Conj/Erth      0%         10d2      100%        8
 Simulacrum               Ice/Necr       Unusable   N/A       N/A         6

Dungeon Overview and Level Annotations

Branches:
Dungeon (5/15)             Temple (1/1) D:4           Sewer (visited)

Altars:
Ashenzari
Fedhas
Gozag
Hepliaklqana
Kikubaaqudgha
Makhleb
Nemelex Xobeh
Okawaru
Qazlal
Ru
Uskayaw

Annotations:
D:1 2 transporters


Innate Abilities, Weirdness & Mutations

You are too large for most types of armour.
You have claws for hands.
Your natural rate of healing is unusually fast.
You are covered in fur. (AC +1)
You have tough skin. (AC +1)


Message History

You are too injured to fight recklessly!
You are too injured to fight recklessly!
You are too injured to fight recklessly!
You are too injured to fight recklessly!
You are too injured to fight recklessly!
You are too injured to fight recklessly!
You are too injured to fight recklessly!
You are too injured to fight recklessly!
You are too injured to fight recklessly!
You are too injured to fight recklessly!
You are too injured to fight recklessly!
You are too injured to fight recklessly!
You are too injured to fight recklessly!
You are too injured to fight recklessly!
Okay, then.
It was a potion of curing.
You feel better. The jelly hits you.
You are splashed with acid!
The black bear bites you. You block the black bear's attack.
The black bear claws you.
It was a potion of brilliance.
You feel clever all of a sudden. The jelly hits you.
* * * LOW HITPOINT WARNING * * *
The acid corrodes you!
You are splashed with acid!
* * * LOW HITPOINT WARNING * * *
The black bear bites you.
* * * LOW HITPOINT WARNING * * *
The black bear barely misses you. You block the black bear's attack.
It was a potion of resistance.
You feel protected. You block the jelly's attack. The black bear bites you.
* * * LOW HITPOINT WARNING * * *
The black bear barely misses you. The black bear claws you.
* * * LOW HITPOINT WARNING * * *
It was a potion of might.
You feel very mighty all of a sudden. The jelly hits you.
* * * LOW HITPOINT WARNING * * *
You are splashed with acid.
You resist.
You die...
Your body crumbles into a pile of gold.

#....# #....#
+....# #....# #
#....# ..
######....##+#...
.........$......#
................#
........@h......#
........J......[#
.....##'###.....#
.#####....#.....#
#...'....#.....#
.... +..##....#
....# ###...
#'###....# ....#
.....#####..##....#
...#
.....#...#...#....#


You could see a black bear and a jelly.

Vanquished Creatures
  A water moccasin (Sewer)
  A black bear (D:4)
  An ice beast (D:5)
  A scorpion (D:4)
  2 howler monkeys
  A hound (D:5)
  An orc priest (D:3)
  An iguana (D:5)
  6 adders
  A river rat (D:3)
  An ufetubus (D:5)
  3 worms
  3 dart slugs
  4 orcs
  11 endoplasms
  5 goblins
  6 hobgoblins
  4 jackals (D:4)
  A quokka (D:1)
  4 ball pythons
  13 bats
  5 frilled lizards
  5 kobolds
  6 rats
87 creatures vanquished.

Vanquished Creatures (others)
  A plant (D:4)
1 creature vanquished.

Grand Total: 88 creatures vanquished

Notes
Turn   | Place    | Note
-------+----------+-------------------------------------------
     0 | D:1      | purpskrrrp the Troll Hunter began the quest for the Orb.
     0 | D:1      | Reached XP level 1. HP: 19/19 MP: 0/0
   144 | D:1      | Reached skill level 1 in Unarmed Combat
   272 | D:1      | Reached XP level 2. HP: 28/28 MP: 1/1
   859 | D:2      | Reached skill level 2 in Unarmed Combat
   859 | D:2      | Reached XP level 3. HP: 32/35 MP: 2/2
   961 | D:2      | Identified the +7 dagger of Arogeise {distort, *Corrode
                  | Str+5}
  1260 | D:2      | Reached XP level 4. HP: 44/44 MP: 3/3
  1334 | D:2      | Reached skill level 3 in Unarmed Combat
  1623 | D:3      | Found a glowing drain.
  1644 | Sewer    | Entered a sewer
  1684 | Sewer    | Noticed a water moccasin
  1696 | Sewer    | Killed a water moccasin
  1697 | Sewer    | Reached skill level 1 in Shields
  1697 | Sewer    | Reached skill level 4 in Unarmed Combat
  1697 | Sewer    | Reached XP level 5. HP: 51/53 MP: 4/4
  1746 | D:3      | Identified the +4 scale mail of Ludeb {-Tele rC+++ Dex+6}
  1815 | D:3      | You fall into a shaft and drop 1 floor!
  1829 | D:4      | Found a sacrificial altar of Ru.
  1903 | D:4      | Reached XP level 6. HP: 61/61 MP: 5/5
  1974 | D:4      | Found a broken altar of Ashenzari.
  2166 | D:4      | Found a staircase to the Ecumenical Temple.
  2426 | D:4      | Reached skill level 5 in Unarmed Combat
  2846 | Temple   | Entered the Ecumenical Temple
  2963 | Temple   | Became a worshipper of Gozag Ym Sagoz the Greedy
  2984 | D:5      | Entered Level 5 of the Dungeon
  3079 | D:5      | Noticed an ice beast
  3088 | D:5      | Killed an ice beast
  3089 | D:5      | Reached XP level 7. HP: 34/67 MP: 6/6
  3236 | D:5      | Found a sparkling altar of Nemelex Xobeh.
  3357 | D:5      | HP: 3/68 [black bear (3)]
  3358 | D:5      | Splashed by a jelly's acid

Illustrated notes

Levels and vault maps discovered:
D:1:      spicycebolla_arrival_transporter_tutorial, layout_loops_corners
D:2:      layout_rooms, minivault_5, st_stairs_12
D:3:      layout_rooms, portal_sewer_entry_b
D:4:      layout_loops_ring, lemuel_round_altar, hangedman_ru_absence,
          minmay_temple_entry_enclosed_plants
D:5:      layout_gridville, mainiacjoe_overflow_small_starburst,
          lemuel_tele_altar, enter_ossuary_2, uniq_menkaure
Temple:   nicolae_temple_superstar

Skill      XL: |  1  2  3  4  5  6 |
---------------+-------------------+-----
Unarmed Combat | 1 2 4 5 |  5.8
Fighting       | 2 3 |  3.7
Shields        | 1 2 |  2.6
Ranged Weapons | |  2.6
Dodging        | |  1.5
Stealth        | |  0.3

Action                   |  1- 3 |  4- 6 |  7- 9 || total
-------------------------+-------+-------+-------++-------
Melee: Unarmed           |   106 |   148 |    22 ||   276
  Use: Potion            |       |     1 |     4 ||     5
       Scroll            |       |     7 |       ||     7
 Stab: Sleeping          |     3 |     2 |       ||     5
Armor: Robe              |    15 |    36 |     5 ||    56
Dodge: Dodged            |    26 |    44 |    17 ||    87
Block: Tower shield      |    42 |    96 |    28 ||   166

Table legend: (Time is in decaauts)
 A = Elapsed time spent in this place.
 B = Non-inter-level travel time spent in this place.
 C = Inter-level travel time spent in this place.
 D = Time resting spent in this place.
 E = Time spent auto-exploring this place.
 F = Levels seen in this place.
 G = Mean time per level.
                   A        B        C        D        E       F      G
               +--------+--------+--------+--------+--------+-----+--------+
         Total |   3410 |   3215 |    195 |     25 |   2322 |   7 |  487.1 |
       Dungeon |   3198 |   3011 |    187 |     25 |   2215 |   5 |  639.6 |
        Temple |    126 |    118 |      8 |      0 |     80 |   1 |  126.0 |
         Sewer |     85 |     85 |      0 |      0 |     27 |   1 |   85.0 |
               +--------+--------+--------+--------+--------+-----+--------+

Top non-repeatable levels by time:
     D:4: 868 daAuts
     D:1: 854 daAuts
     D:2: 615 daAuts
     D:3: 515 daAuts
     D:5: 344 daAuts
  Temple: 126 daAuts
   Sewer: 85 daAuts
